[Event "Teplice Open 2019"]
[Site "Teplice"]
[Date "2019.06.15"]
[Round "1.36"]
[White "Mindl, Josef"]
[Black "Ankit, R. Rajpara"]
[Result "0-1"]
[ECO "E54"]
[WhiteElo "1995"]
[BlackElo "2447"]
[Annotator "NA"]
[PlyCount "68"]
[EventDate "2019.06.15"]
[EventType "swiss"]
[EventCountry "CZE"]
[SourceTitle "playchess.com"]
[Source "ChessBase"]
[SourceQuality "1"]
[TimeControl "40/5400+30:1800+30"]

1. e4 c6 2. d4 d5 3. exd5 cxd5 4. c4 Nf6 5. Nc3 e6 6. Nf3 Bb4 7. Bd3 dxc4 8. Bxc4 O-O 9. O-O b6 10. Bg5 Bb7 11. Rc1 Nbd7 12. a3 Bxc3 13. bxc3 Qc7 14. Bd3 Ng4 15. g3 Qc6 16. Be2 h6 17. h3 Nxf2 18. Rxf2 hxg5 19. Kh2 f6 20. Qb3 Rfe8 21. Bb5 Qd6 22. Re1 Re7 23. a4 Nf8 24. Nd2 Rd8 25. Ne4 Qc7 26. Rfe2 Bd5 27. Qb4 Rf7 28. Qb2 Bc4 29. Re3 Bxb5 30. Qxb5 Rfd7 31. Ra1 Rd5 32. Qe2 e5 33. Qa2 exd4 34. cxd4 Qf7 0-1

[Event "Teplice Open 2019"]
[Site "Teplice"]
[Date "2019.06.15"]
[Round "1.37"]
[White "Arenberg, Ariel"]
[Black "Stastny, Petr"]
[Result "1-0"]
[ECO "D46"]
[WhiteElo "2434"]
[BlackElo "1991"]
[Annotator "NA"]
[PlyCount "29"]
[EventDate "2019.06.15"]
[EventType "swiss"]
[EventCountry "CZE"]
[SourceTitle "playchess.com"]
[Source "ChessBase"]
[SourceQuality "1"]
[TimeControl "40/5400+30:1800+30"]

1. d4 d5 2. c4 e6 3. Nc3 c6 4. Nf3 Nd7 5. e4 dxe4 6. Nxe4 Ngf6 7. Bd3 Nxe4 8. Bxe4 Bb4+ 9. Bd2 Qa5 10. O-O O-O 11. Bf4 Be7 12. Re1 Nf6 13. Bc2 Qh5 14. Re5 Qg4 15. Bg3 1-0

[Event "Teplice Open 2019"]
[Site "Teplice"]
[Date "2019.06.16"]
[Round "2.7"]
[White "Simek, Petr"]
[Black "Van Foreest, Jorden"]
[Result "1/2-1/2"]
[ECO "D30"]
[WhiteElo "2300"]
[BlackElo "2610"]
[Annotator "ChessBase"]
[PlyCount "210"]
[EventDate "2019.06.15"]
[EventType "swiss"]
[EventCountry "CZE"]
[SourceTitle "playchess.com"]
[Source "ChessBase"]
[SourceQuality "1"]
[TimeControl "40/5400+30:1800+30"]

1. d4 d5 2. c4 e6 3. Nf3 a6 4. Bg5 Be7 5. Bxe7 Qxe7 6. Nbd2 Nf6 7. g3 dxc4 8. Nxc4 b5 9. Na5 O-O 10. Bg2 c5 11. dxc5 Qxc5 12. O-O b4 13. Nb3 Qe7 14. Ne5 Bb7 15. Bxb7 Qxb7 16. Qd4 Qb5 17. e3 Nbd7 18. Nxd7 Nxd7 19. Rfd1 Ne5 20. Qe4 f5 21. Qf4 h6 22. h4 Rad8 23. Rd4 a5 24. Rad1 Rxd4 25. exd4 Qe2 26. Rf1 Nd3 27. Qe3 Qxe3 28. fxe3 Nxb2 29. Nxa5 Rc8 30. Rb1 Nd3 31. Nb3 Rc2 32. Nc5 Rc1+ 33. Rxc1 Nxc1 34. Nxe6 Nxa2 35. Nc5 Kf7 36. Kf2 Ke7 37. Kf3 Nc1 38. e4 b3 39. Na4 Ke6 40. g4 fxg4+ 41. Kxg4 Nd3 42. Nc3 b2 43. Kf3 Ne1+ 44. Kf4 Ng2+ 45. Kg3 Ne3 46. Kf4 Nc4 47. h5 Nb6 48. d5+ Kd6 49. Kf5 Nd7 50. Kg6 Nf6 51. Kxg7 Nxh5+ 52. Kxh6 Nf6 53. Kg6 Ke5 54. d6 Nxe4 55. d7 Nxc3 56. d8=Q b1=Q+ 57. Kg7 Qg1+ 58. Kf7 Qf2+ 59. Kg7 Qg2+ 60. Kf7 Qf3+ 61. Kg7 Qg4+ 62. Kf7 Qe6+ 63. Kg7 Ne4 64. Qa5+ Kf4 65. Qc7+ Kg4 66. Qf7 Qe5+ 67. Kf8 Ng5 68. Qd7+ Kg3 69. Kg8 Kh4 70. Qa4+ Ne4 71. Kf7 Kg5 72. Qd7 Nd6+ 73. Kg8 Qd5+ 74. Kf8 Qa8+ 75. Kg7 Nf5+ 76. Kh7 Qh1+ 77. Kg8 Qg2 78. Qe6 Qa8+ 79. Kf7 Qb7+ 80. Kf8 Qb8+ 81. Kf7 Qb7+ 82. Kf8 Qc7 83. Qg8+ Kf4 84. Qe6 Qb8+ 85. Kf7 Qb7+ 86. Kf8 Kg5 87. Qg8+ Kf6 88. Qh8+ Ke6 89. Qg8+ Kd6 90. Qg6+ Ke5 91. Qe8+ Kf6 92. Qd8+ Kg6 93. Qe8+ Kh6 94. Qe6+ Kg5 95. Qg8+ Kf6 96. Qh8+ Ke6 97. Qg8+ Kd6 98. Qg6+ Ke5 99. Qe8+ Kf4 100. Qe6 Qc7 101. Qf6 Qd7 102. Kg8 Ke4 103. Kf8 Qe7+ 104. Qxe7+ Nxe7 105. Kxe7 Ke5 1/2-1/2

[Event "Teplice Open 2019"]
[Site "Teplice"]
[Date "2019.06.16"]
[Round "2.8"]
[White "Lagarde, Maxime"]
[Black "Van Zyl-Rudd, Jack"]
[Result "1-0"]
[ECO "B22"]
[WhiteElo "2599"]
[BlackElo "2299"]
[Annotator "ChessBase"]
[PlyCount "51"]
[EventDate "2019.06.15"]
[EventType "swiss"]
[EventCountry "CZE"]
[SourceTitle "playchess.com"]
[Source "ChessBase"]
[SourceQuality "1"]
[TimeControl "40/5400+30:1800+30"]

1. e4 c5 2. c3 Nf6 3. e5 Nd5 4. Nf3 e6 5. d4 cxd4 6. cxd4 d6 7. a3 Be7 8. Bd3 O-O 9. O-O b6 10. Qe2 Bb7 11. Qe4 g6 12. Bh6 Re8 13. Nbd2 Nd7 14. Qg4 dxe5 15. dxe5 Rc8 16. Rfe1 Qc7 17. h4 Nc5 18. Bf1 Qd7 19. b4 Qa4 20. h5 Nb3 21. hxg6 hxg6 22. Bd3 Nxd2 23. Bxg6 Nxf3+ 24. gxf3 Kh8 25. Bg7+ Kg8 26. Be4 1-0

[Event "Teplice Open 2019"]
[Site "Teplice"]
[Date "2019.06.16"]
[Round "2.9"]
[White "Hracek, Zbynek"]
[Black "Karas, Marek"]
[Result "1-0"]
[ECO "C17"]
[WhiteElo "2582"]
[BlackElo "2268"]
[Annotator "ChessBase"]
[PlyCount "55"]
[EventDate "2019.06.15"]
[EventType "swiss"]
[EventCountry "CZE"]
[SourceTitle "playchess.com"]
[Source "ChessBase"]
[SourceQuality "1"]
[TimeControl "40/5400+30:1800+30"]

1. e4 e6 2. d4 d5 3. Nc3 Bb4 4. e5 c5 5. Bd2 Ne7 6. a3 Bxc3 7. Bxc3 cxd4 8. Qxd4 Nbc6 9. Qg4 Nf5 10. Nf3 Qb6 11. Bd3 d4 12. Bd2 Nce7 13. Bb4 h5 14. Qg5 Ng6 15. Bxf5 exf5 16. O-O-O a5 17. Bd6 Qd8 18. Qxd8+ Kxd8 19. Rxd4 Ke8 20. Rhd1 Be6 21. Ng5 Rc8 22. R1d3 b6 23. b4 h4 24. bxa5 bxa5 25. Nxe6 fxe6 26. Rb3 h3 27. g3 Nf8 28. Ra4 1-0

[Event "Teplice Open 2019"]
[Site "Teplice"]
[Date "2019.06.16"]
[Round "2.11"]
[White "Epishin, Vladimir"]
[Black "Malovanyi, Yulian"]
[Result "1-0"]
[ECO "A33"]
[WhiteElo "2564"]
[BlackElo "2260"]
[Annotator "ChessBase"]
[PlyCount "73"]
[EventDate "2019.06.15"]
[EventType "swiss"]
[EventCountry "CZE"]
[SourceTitle "playchess.com"]
[Source "ChessBase"]
[SourceQuality "1"]
[TimeControl "40/5400+30:1800+30"]

1. c4 c5 2. g3 Nf6 3. Bg2 e6 4. Nf3 Nc6 5. O-O Be7 6. d4 cxd4 7. Nxd4 O-O 8. Nc3 d5 9. a3 a6 10. Bf4 Na5 11. cxd5 exd5 12. Rc1 Bg4 13. h3 Be6 14. e4 dxe4 15. Nxe6 fxe6 16. Qxd8 Bxd8 17. Nxe4 Nd5 18. Bd6 Nb3 19. Rcd1 Rc8 20. Bxf8 Kxf8 21. Nd6 Rc2 22. Be4 Rxb2 23. Rb1 Rxb1 24. Rxb1 Nd2 25. Rxb7 Nxe4 26. Nxe4 Be7 27. a4 h6 28. Kf1 Ke8 29. Ke2 Kd8 30. Rb8+ Kc7 31. Rg8 Bf6 32. Nxf6 gxf6 33. Kd3 Kb6 34. Re8 Kc5 35. Rxe6 a5 36. Re4 f5 37. Rc4+ 1-0

[Event "Teplice Open 2019"]
[Site "Teplice"]
[Date "2019.06.16"]
[Round "2.13"]
[White "Vorobiov, Evgeny E."]
[Black "Tuma, Jiri"]
[Result "1-0"]
[ECO "A57"]
[WhiteElo "2556"]
[BlackElo "2257"]
[Annotator "ChessBase"]
[PlyCount "23"]
[EventDate "2019.06.15"]
[EventType "swiss"]
[EventCountry "CZE"]
[SourceTitle "playchess.com"]
[Source "ChessBase"]
[SourceQuality "1"]
[TimeControl "40/5400+30:1800+30"]

1. d4 Nf6 2. c4 c5 3. d5 b5 4. Nf3 g6 5. Qc2 Bg7 6. e4 O-O 7. cxb5 e6 8. Nc3 exd5 9. exd5 a6 10. bxa6 Re8+ 11. Be2 Bxa6 12. O-O 1-0

[Event "Teplice Open 2019"]
[Site "Teplice"]
[Date "2019.06.16"]
[Round "2.14"]
[White "Babula, Vlastimil"]
[Black "Freisler, Pavel"]
[Result "1-0"]
[ECO "E12"]
[WhiteElo "2550"]
[BlackElo "2246"]
[Annotator "ChessBase"]
[PlyCount "55"]
[EventDate "2019.06.15"]
[EventType "swiss"]
[EventCountry "CZE"]
[SourceTitle "playchess.com"]
[Source "ChessBase"]
[SourceQuality "1"]
[TimeControl "40/5400+30:1800+30"]

1. d4 Nf6 2. c4 e6 3. Nf3 b6 4. a3 Bb7 5. Nc3 d5 6. Bg5 Be7 7. Qc2 O-O 8. e3 Nbd7 9. cxd5 exd5 10. Bd3 h6 11. Bf4 c5 12. O-O Nh5 13. Be5 Nxe5 14. Nxe5 cxd4 15. exd4 Nf4 16. Bh7+ Kh8 17. Bf5 Bd6 18. Rfe1 Bc8 19. g3 Bxe5 20. Rxe5 f6 21. Re3 Nh3+ 22. Bxh3 Bxh3 23. Rae1 Qc8 24. Qg6 Bf5 25. Qh5 Bh7 26. Re7 Qc4 27. Rxg7 Kxg7 28. Re7+ 1-0

[Event "Teplice Open 2019"]
[Site "Teplice"]
[Date "2019.06.16"]
[Round "2.17"]
[White "Svanda, Ondrej"]
[Black "Dragnev, Valentin"]
[Result "1/2-1/2"]
[ECO "C79"]
[WhiteElo "2261"]
[BlackElo "2521"]
[Annotator "ChessBase"]
[PlyCount "71"]
[EventDate "2019.06.15"]
[EventType "swiss"]
[EventCountry "CZE"]
[SourceTitle "playchess.com"]
[Source "ChessBase"]
[SourceQuality "1"]
[TimeControl "40/5400+30:1800+30"]

1. e4 e5 2. Nf3 Nc6 3. Bb5 a6 4. Ba4 Nf6 5. d3 d6 6. O-O b5 7. Bb3 Na5 8. Re1 Be7 9. c3 Nxb3 10. axb3 O-O 11. Nbd2 c5 12. Nf1 Be6 13. Ng3 h6 14. d4 cxd4 15. cxd4 Qc7 16. d5 Bd7 17. Bd2 a5 18. b4 axb4 19. Qb3 Qb6 20. h3 Ra4 21. Bxb4 Rfa8 22. Ra3 Bd8 23. Rea1 Ne8 24. Ne2 Nc7 25. Nc3 Rxa3 26. Rxa3 Rxa3 27. Qxa3 Na6 28. Nd2 Bh4 29. Nd1 Qd4 30. Qxa6 Qxb4 31. Nf3 Bf6 32. Qa7 Qxe4 33. Qxd7 Qb1 34. Kh2 Qxd1 35. Qc8+ Kh7 36. Qf5+ 1/2-1/2

[Event "Teplice Open 2019"]
[Site "Teplice"]
[Date "2019.06.16"]
[Round "2.18"]
[White "Ali Marandi, Cemil Can"]
[Black "Horak, Jiri"]
[Result "1-0"]
[ECO "D02"]
[WhiteElo "2520"]
[BlackElo "2226"]
[Annotator "ChessBase"]
[PlyCount "81"]
[EventDate "2019.06.15"]
[EventType "swiss"]
[EventCountry "CZE"]
[SourceTitle "playchess.com"]
[Source "ChessBase"]
[SourceQuality "1"]
[TimeControl "40/5400+30:1800+30"]

1. d4 d5 2. Bf4 Nf6 3. e3 a6 4. Nf3 e6 5. Bd3 Nbd7 6. Nbd2 Nh5 7. Ne5 Nxf4 8. exf4 c5 9. Ndf3 cxd4 10. O-O Nxe5 11. Nxe5 g6 12. Be2 Bg7 13. Qxd4 O-O 14. Rfd1 Qc7 15. c4 dxc4 16. Bxc4 b5 17. Bb3 Bb7 18. Rac1 Qa5 19. Qd7 Bxe5 20. fxe5 Be4 21. h4 Rad8 22. Qe7 Rfe8 23. Qf6 Qb6 24. Qf4 Qb7 25. Rxd8 Rxd8 26. h5 Bf5 27. Qg5 Re8 28. h6 f6 29. Qxf6 Qf7 30. Qg5 Qe7 31. Qxe7 Rxe7 32. f3 g5 33. g4 Bd3 34. Rc6 Kf7 35. Rxa6 Bc4 36. Bc2 Rd7 37. Rd6 Rc7 38. Bxh7 Bxa2 39. Bd3 Bc4 40. h7 Bxd3 41. h8=Q 1-0

[Event "Teplice Open 2019"]
[Site "Teplice"]
[Date "2019.06.16"]
[Round "2.19"]
[White "Pajeken, Wolfgang"]
[Black "Greenfeld, Alon"]
[Result "0-1"]
[ECO "B38"]
[WhiteElo "2259"]
[BlackElo "2513"]
[Annotator "ChessBase"]
[PlyCount "79"]
[EventDate "2019.06.15"]
[EventType "swiss"]
[EventCountry "CZE"]
[SourceTitle "playchess.com"]
[Source "ChessBase"]
[SourceQuality "1"]
[TimeControl "40/5400+30:1800+30"]

1. Nf3 Nf6 2. c4 g6 3. Nc3 Bg7 4. e4 c5 5. d4 cxd4 6. Nxd4 d6 7. Be2 O-O 8. O-O Nc6 9. Be3 Bd7 10. Nc2 Qa5 11. f3 Rfc8 12. Qd2 Ne5 13. Na3 Be6 14. Nd5 Qxd2 15. Bxd2 Nxd5 16. cxd5 Bd7 17. Rac1 f5 18. h3 fxe4 19. fxe4 Nf7 20. Rb1 a6 21. Kf2 b5 22. Ke1 Rab8 23. Kd1 Ne5 24. b3 Rf8 25. Be3 e6 26. dxe6 Bxe6 27. Rxf8+ Rxf8 28. Nc2 d5 29. Nd4 Bf7 30. exd5 Bxd5 31. g3 Re8 32. Kd2 Nf7 33. g4 Nd6 34. Bf3 Bxf3 35. Nxf3 Ne4+ 36. Kd3 Nc3 37. Rc1 Nxa2 38. Rc7 Nb4+ 39. Kd2 Nd5 40. Ng1 0-1

[Event "Teplice Open 2019"]
[Site "Teplice"]
[Date "2019.06.16"]
[Round "2.22"]
[White "Pacan-Milej, Kosma"]
[Black "Janik, Igor"]
[Result "1-0"]
[ECO "E83"]
[WhiteElo "2247"]
[BlackElo "2483"]
[Annotator "ChessBase"]
[PlyCount "59"]
[EventDate "2019.06.15"]
[EventType "swiss"]
[EventCountry "CZE"]
[SourceTitle "playchess.com"]
[Source "ChessBase"]
[SourceQuality "1"]
[TimeControl "40/5400+30:1800+30"]

1. d4 Nf6 2. c4 g6 3. f3 Bg7 4. e4 O-O 5. Ne2 d6 6. Be3 Nc6 7. Nbc3 a6 8. Qd2 Na5 9. Nc1 Nd7 10. Nb3 c5 11. Be2 Nxb3 12. axb3 cxd4 13. Bxd4 Bxd4 14. Qxd4 Nc5 15. Ra3 e5 16. Qd2 f5 17. O-O fxe4 18. fxe4 Rxf1+ 19. Bxf1 Qb6 20. Nd5 Qa7 21. Qe3 Kg7 22. b4 Nxe4 23. Nb6 Nf6 24. Nxa8 Qxa8 25. Qb6 Qb8 26. Qd8 Qa7+ 27. c5 dxc5 28. Qe7+ Kh6 29. bxc5 Nd5 30. Qf8+ 1-0

[Event "Teplice Open 2019"]
[Site "Teplice"]
[Date "2019.06.16"]
[Round "2.23"]
[White "Kraus, Tomas"]
[Black "Cholleti, Sahajasri"]
[Result "1-0"]
[ECO "B23"]
[WhiteElo "2479"]
[BlackElo "2207"]
[Annotator "ChessBase"]
[PlyCount "77"]
[EventDate "2019.06.15"]
[EventType "swiss"]
[EventCountry "CZE"]
[SourceTitle "playchess.com"]
[Source "ChessBase"]
[SourceQuality "1"]
[TimeControl "40/5400+30:1800+30"]

1. e4 c5 2. Nc3 d6 3. f4 g6 4. Nf3 Bg7 5. Bc4 Nc6 6. O-O Nf6 7. d3 O-O 8. h3 Nd4 9. Be3 Ne8 10. Bf2 e6 11. Nxd4 cxd4 12. Ne2 e5 13. fxe5 dxe5 14. c3 Nc7 15. cxd4 exd4 16. Nf4 Be6 17. Nxe6 Nxe6 18. Bg3 Qe7 19. Rc1 Bh6 20. Rc2 Rac8 21. Kh1 a6 22. a4 b5 23. axb5 axb5 24. Bd5 Qd7 25. Be5 Bg7 26. Bxg7 Kxg7 27. Rcf2 Qe7 28. Qb3 b4 29. Qa2 g5 30. g3 h5 31. Rf5 Qd6 32. e5 Qe7 33. Bc4 Nd8 34. b3 Rc5 35. Qe2 Rh8 36. Bxf7 Nxf7 37. Rxf7+ Qxf7 38. Rxf7+ Kxf7 39. Qf3+ 1-0

[Event "Teplice Open 2019"]
[Site "Teplice"]
[Date "2019.06.16"]
[Round "2.24"]
[White "Riha, Vojtech"]
[Black "Blohberger, Felix"]
[Result "0-1"]
[ECO "B20"]
[WhiteElo "2244"]
[BlackElo "2475"]
[Annotator "ChessBase"]
[PlyCount "46"]
[EventDate "2019.06.15"]
[EventType "swiss"]
[EventCountry "CZE"]
[SourceTitle "playchess.com"]
[Source "ChessBase"]
[SourceQuality "1"]
[TimeControl "40/5400+30:1800+30"]

1. e4 c5 2. b4 cxb4 3. a3 e5 4. Nf3 Nc6 5. Bb5 Nf6 6. O-O Nxe4 7. Re1 Qb6 8. Rxe4 Qxb5 9. axb4 Bxb4 10. Nc3 Bxc3 11. dxc3 d5 12. c4 dxc4 13. Ba3 Be6 14. Nxe5 Qd5 15. Qe2 Nd4 16. Qe3 Nxc2 17. Qg5 Nxa3 18. Nxf7 O-O 19. Re5 Qd4 20. Nh6+ Kh8 21. Rf1 gxh6 22. Qh5 Bg4 23. Qxh6 Qxe5 0-1

[Event "Teplice Open 2019"]
[Site "Teplice"]
[Date "2019.06.16"]
[Round "2.26"]
[White "Navrotescu, Andreea-Cristiana"]
[Black "Gavrilescu, David"]
[Result "0-1"]
[ECO "A07"]
[WhiteElo "2233"]
[BlackElo "2475"]
[Annotator "ChessBase"]
[PlyCount "80"]
[EventDate "2019.06.15"]
[EventType "swiss"]
[EventCountry "CZE"]
[SourceTitle "playchess.com"]
[Source "ChessBase"]
[SourceQuality "1"]
[TimeControl "40/5400+30:1800+30"]

1. Nf3 d5 2. b3 Bf5 3. Bb2 e6 4. g3 Nf6 5. Bg2 h6 6. O-O Be7 7. d3 O-O 8. Nbd2 Bh7 9. Re1 a5 10. a4 c6 11. e4 Na6 12. e5 Nd7 13. Nd4 Nb4 14. Kh1 Qb8 15. f4 b5 16. Ba3 Qb6 17. N2f3 Bc5 18. Bb2 bxa4 19. Rxa4 Be7 20. f5 c5 21. fxe6 fxe6 22. Ne2 c4 23. bxc4 dxc4 24. dxc4 Nc5 25. Bd4 Nxc2 26. Ra2 Nxe1 27. Qxe1 Qb4 28. Nd2 Nd3 29. Qg1 Rad8 30. h3 Bc5 31. Bxc5 Qxc5 32. Qxc5 Nxc5 33. Nf4 g5 34. Nh5 Rf2 35. Nf6+ Kg7 36. Rxa5 Rdxd2 37. Ra7+ Kg6 38. g4 Rxg2 39. Nxh7 Rgf2 40. Kg1 Ne4 0-1

[Event "Teplice Open 2019"]
[Site "Teplice"]
[Date "2019.06.16"]
[Round "2.28"]
[White "Lorscheid, Gerhard"]
[Black "Vogel, Roven"]
[Result "0-1"]
[ECO "E32"]
[WhiteElo "2214"]
[BlackElo "2471"]
[Annotator "ChessBase"]
[PlyCount "50"]
[EventDate "2019.06.15"]
[EventType "swiss"]
[EventCountry "CZE"]
[SourceTitle "playchess.com"]
[Source "ChessBase"]
[SourceQuality "1"]
[TimeControl "40/5400+30:1800+30"]

1. d4 Nf6 2. c4 e6 3. Nc3 Bb4 4. Qc2 d6 5. Nf3 O-O 6. Bg5 h6 7. Bd2 Nbd7 8. a3 Bxc3 9. Bxc3 Qe7 10. e3 b6 11. Be2 Bb7 12. O-O c5 13. b4 cxd4 14. exd4 Rac8 15. Qb2 Bxf3 16. gxf3 Nh5 17. Qd2 Qh4 18. Kh1 Ndf6 19. Rg1 Qxf2 20. Rg2 Qh4 21. Rag1 Kh8 22. Qe3 b5 23. Rxg7 Nxg7 24. Be1 Qh5 25. f4 Nf5 0-1

[Event "Teplice Open 2019"]
[Site "Teplice"]
[Date "2019.06.16"]
[Round "2.29"]
[White "Schmidt, Tommy B."]
[Black "Abdumalik, Zhansaya"]
[Result "0-1"]
[ECO "E70"]
[WhiteElo "2205"]
[BlackElo "2464"]
[Annotator "ChessBase"]
[PlyCount "194"]
[EventDate "2019.06.15"]
[EventType "swiss"]
[EventCountry "CZE"]
[SourceTitle "playchess.com"]
[Source "ChessBase"]
[SourceQuality "1"]
[TimeControl "40/5400+30:1800+30"]

1. d4 Nf6 2. c4 g6 3. Nc3 d6 4. e4 Nbd7 5. Bd3 e5 6. d5 Bg7 7. Nge2 O-O 8. O-O h6 9. Ng3 Nh7 10. Bc2 h5 11. Be3 Ndf6 12. f3 h4 13. Nge2 Nh5 14. Qd2 Bh8 15. Rae1 Qe7 16. Nd1 Bd7 17. b4 f5 18. exf5 gxf5 19. f4 e4 20. Bd4 N7f6 21. Qc3 Kf7 22. Bb3 Rg8 23. Ne3 b6 24. c5 Rae8 25. Nc4 Kg6 26. Ne3 Bg7 27. a4 Bh6 28. Rf2 Kh7 29. a5 bxa5 30. bxa5 Ng4 31. Nxg4 Rxg4 32. c6 Bc8 33. Bc4 Nxf4 34. Ref1 Nh5 35. Be3 Bg7 36. Qc1 a6 37. Nf4 Nxf4 38. Rxf4 Rxf4 39. Rxf4 Bh6 40. Rf1 Bxe3+ 41. Qxe3 Rg8 42. Rf4 Rg6 43. Qf2 Rh6 44. Qa7 Qg7 45. Bf1 Kg6 46. Qf2 Qf6 47. Kh1 Qa1 48. h3 Rh7 49. Qd2 Qe5 50. Be2 e3 51. Qb4 Kg5 52. Rf1 Qxd5 53. Qf4+ Kf6 54. Qxe3 Qxc6 55. Qd4+ Kg6 56. Bd3 Rh5 57. Rf2 Qc1+ 58. Rf1 Qh6 59. Qc4 Qg7 60. Qg4+ Kh6 61. Qf4+ Kh7 62. Re1 Qf7 63. Bc4 Qf8 64. Qf3 Rg5 65. Qc6 Qg7 66. Qe8 Bd7 67. Qd8 Kh6 68. Re7 Qb2 69. Qf8+ Rg7 70. Qh8+ Kg6 71. Bf1 Qf6 72. Rxg7+ Qxg7 73. Qxh4 Qa1 74. Qg3+ Kf7 75. Qf3 Kf6 76. Kh2 Qxa5 77. Bd3 Qe5+ 78. Kh1 Bb5 79. Bc2 Qc5 80. Be4 Ke6 81. Bb7 Qe5 82. Qf2 Kd7 83. Qh4 c6 84. Qh7+ Kd8 85. Ba8 Qe1+ 86. Kh2 Qe5+ 87. Kh1 d5 88. Qa7 Qe1+ 89. Kh2 Qe7 90. Qb8+ Kd7 91. Qh8 Kc7 92. h4 Qd6+ 93. Kh1 d4 94. h5 d3 95. Qg7+ Kb6 96. Qc3 d2 97. Qe3+ c5 0-1

[Event "Teplice Open 2019"]
[Site "Teplice"]
[Date "2019.06.16"]
[Round "2.31"]
[White "Kucera, Petr"]
[Black "Song, Raymond"]
[Result "0-1"]
[ECO "D30"]
[WhiteElo "2175"]
[BlackElo "2450"]
[Annotator "RC"]
[PlyCount "80"]
[EventDate "2019.06.15"]
[EventType "swiss"]
[EventCountry "CZE"]
[SourceTitle "playchess.com"]
[Source "ChessBase"]
[SourceQuality "1"]
[TimeControl "40/5400+30:1800+30"]

1. d4 Nf6 2. Nf3 d5 3. e3 c5 4. dxc5 e6 5. c4 Bxc5 6. a3 a6 7. b4 Ba7 8. Bb2 O-O 9. Nbd2 Nc6 10. Be2 Qe7 11. Qb3 Rd8 12. Ne5 Bb8 13. Ndf3 Ne4 14. Nxc6 bxc6 15. O-O e5 16. Rfd1 Nf6 17. cxd5 cxd5 18. Rac1 h6 19. Qa2 Bb7 20. Qa1 Re8 21. b5 Bd6 22. a4 Qe6 23. Bf1 a5 24. Ba3 Bb8 25. Bb2 d4 26. exd4 Bxf3 27. gxf3 e4 28. Rc6 Qf5 29. Qc1 Qg6+ 30. Kh1 Qh5 31. h3 Qxf3+ 32. Bg2 Qxf2 33. d5 Nxd5 34. Rxd5 Qg3 35. Kg1 e3 36. Bc3 Qh2+ 37. Kf1 e2+ 38. Kf2 Qg3+ 39. Kg1 e1=Q+ 40. Bxe1 Rxe1+ 0-1

[Event "Teplice Open 2019"]
[Site "Teplice"]
[Date "2019.06.16"]
[Round "2.32"]
[White "Ankit, R. Rajpara"]
[Black "Balinski, Damian"]
[Result "1-0"]
[ECO "A88"]
[WhiteElo "2447"]
[BlackElo "2170"]
[Annotator "NA"]
[PlyCount "61"]
[EventDate "2019.06.15"]
[EventType "swiss"]
[EventCountry "CZE"]
[SourceTitle "playchess.com"]
[Source "ChessBase"]
[SourceQuality "1"]
[TimeControl "40/5400+30:1800+30"]

1. d4 f5 2. g3 Nf6 3. Bg2 g6 4. c4 Bg7 5. Nf3 O-O 6. O-O d6 7. Nc3 c6 8. b3 Na6 9. Bb2 Qe8 10. d5 Bd7 11. Re1 h6 12. Nd4 Nc7 13. Qd2 c5 14. Ne6 Nxe6 15. dxe6 Bxe6 16. Bxb7 Rb8 17. Bg2 Ng4 18. h3 Ne5 19. f4 Nf7 20. e4 Bd4+ 21. Kh2 Nd8 22. exf5 Bxf5 23. Nd5 e5 24. fxe5 dxe5 25. Bxd4 cxd4 26. g4 Bd7 27. Qxh6 Rb6 28. Nxb6 axb6 29. Rf1 Ne6 30. Bd5 Rxf1 31. Rxf1 1-0

[Event "Teplice Open 2019"]
[Site "Teplice"]
[Date "2019.06.16"]
[Round "2.33"]
[White "Vales, Vaclav"]
[Black "Erenberg, Ariel"]
[Result "0-1"]
[ECO "E12"]
[WhiteElo "2171"]
[BlackElo "2434"]
[Annotator "NA RC"]
[PlyCount "80"]
[EventDate "2019.06.15"]
[EventType "swiss"]
[EventCountry "CZE"]
[SourceTitle "playchess.com"]
[Source "ChessBase"]
[SourceQuality "1"]
[TimeControl "40/5400+30:1800+30"]

1. d4 Nf6 2. Nf3 e6 3. c4 b6 4. a3 Bb7 5. Nc3 d5 6. cxd5 Nxd5 7. Qc2 Nxc3 8. bxc3 Nd7 9. e4 c5 10. Bd3 Qc7 11. O-O cxd4 12. cxd4 Qxc2 13. Bxc2 Be7 14. Bb2 O-O 15. Rfe1 Rac8 16. Bb3 Rfd8 17. g3 a5 18. Rad1 Bf6 19. Re2 b5 20. Ne1 Nb6 21. f3 Kf8 22. Rc2 Rxc2 23. Nxc2 Rc8 24. Ne3 Be7 25. Kf2 b4 26. axb4 Bxb4 27. Ra1 Ke8 28. Nd1 Kd8 29. Ne3 Ke8 30. Nd1 Ba6 31. d5 exd5 32. Bxg7 dxe4 33. fxe4 Bb5 34. Bd4 a4 35. Bxb6 axb3 36. Ne3 b2 37. Rb1 Bc3 38. Nd1 Bd3 39. Nxc3 Bxb1 40. Nxb1 Rc1 {[%emt 0:00:09] Ke1} 0-1

[Event "Teplice Open 2019"]
[Site "Teplice"]
[Date "2019.06.16"]
[Round "2.34"]
[White "Cawdery, Daniel"]
[Black "Subramanian, Aditya"]
[Result "1-0"]
[ECO "C76"]
[WhiteElo "2428"]
[BlackElo "2167"]
[Annotator "NA"]
[PlyCount "43"]
[EventDate "2019.06.15"]
[EventType "swiss"]
[EventCountry "CZE"]
[SourceTitle "playchess.com"]
[Source "ChessBase"]
[SourceQuality "1"]
[TimeControl "40/5400+30:1800+30"]

1. e4 e5 2. Nf3 Nc6 3. Bb5 g6 4. O-O Bg7 5. c3 a6 6. Ba4 d6 7. d4 Bd7 8. dxe5 Nxe5 9. Bb3 Nf6 10. Ng5 b5 11. f4 Nc4 12. e5 Nh5 13. g4 h6 14. Nxf7 Kxf7 15. gxh5 Rf8 16. Qd5+ Be6 17. hxg6+ Ke7 18. exd6+ Kf6 19. Qh5 Bf5 20. Bxc4 bxc4 21. Be3 Bxg6 22. Bd4+ 1-0

[Event "Teplice Open 2019"]
[Site "Teplice"]
[Date "2019.06.16"]
[Round "2.36"]
[White "Mazur, Stefan"]
[Black "Kozak, Milos"]
[Result "1-0"]
[ECO "C92"]
[WhiteElo "2426"]
[BlackElo "2165"]
[Annotator "NA"]
[PlyCount "78"]
[EventDate "2019.06.15"]
[EventType "swiss"]
[EventCountry "CZE"]
[SourceTitle "playchess.com"]
[Source "ChessBase"]
[SourceQuality "1"]
[TimeControl "40/5400+30:1800+30"]

1. e4 e5 2. Nf3 Nc6 3. Bb5 a6 4. Ba4 Nf6 5. O-O Be7 6. Re1 b5 7. Bb3 d6 8. c3 O-O 9. h3 Bb7 10. d4 Re8 11. Nbd2 exd4 12. cxd4 Nd7 13. Nf1 Na5 14. Bc2 Bf6 15. Rb1 c5 16. d5 Nc4 17. b3 Nce5 18. N3h2 c4 19. f4 Nd3 20. Bxd3 cxd3 21. Nf3 Bc3 22. Bd2 Rc8 23. Ng3 b4 24. Rc1 Bxd2 25. Qxd2 Qb6+ 26. Kh2 Rxc1 27. Rxc1 Nc5 28. Re1 a5 29. Nd4 Qd8 30. Ndf5 g6 31. Nh6+ Kg7 32. f5 Rf8 33. Ng4 Qh4 34. Qf4 d2 35. Qxd2 Re8 36. Qd4+ f6 37. fxg6 hxg6 38. Rf1 Ba6 39. Rxf6 Qxg3+ 1-0

[Event "Teplice Open 2019"]
[Site "Teplice"]
[Date "2019.06.17"]
[Round "3.4"]
[White "Vogel, Roven"]
[Black "Movsesian, Sergei"]
[Result "0-1"]
[ECO "D30"]
[WhiteElo "2471"]
[BlackElo "2639"]
[Annotator "RC"]
[PlyCount "76"]
[EventDate "2019.06.15"]
[EventType "swiss"]
[EventCountry "CZE"]
[SourceTitle "playchess.com"]
[Source "ChessBase"]
[SourceQuality "1"]
[TimeControl "40/5400+30:1800+30"]

1. d4 Nf6 2. c4 e6 3. Nf3 d5 4. e3 a6 5. Nbd2 c5 6. b3 Be7 7. Bb2 O-O 8. Bd3 Nc6 9. O-O Nb4 10. Be2 b6 11. Ne5 Bb7 12. Ndf3 Ne4 13. a3 Nc6 14. Nxc6 Bxc6 15. Ne5 Bb7 16. Bf3 Ng5 17. Be2 Ne4 18. Bf3 cxd4 19. Bxe4 dxe4 20. Qxd4 f6 21. Qd7 Bc8 22. Qc6 Ra7 23. Rfd1 Qc7 24. Qxe4 fxe5 25. Bxe5 Qb7 26. Qg4 Rf7 27. a4 Qc6 28. h3 Rd7 29. Rxd7 Bxd7 30. Rd1 Bf8 31. Rd4 Qc5 32. Qg3 Qb4 33. Rd3 Qe1+ 34. Kh2 Qe2 35. Rd4 Bc6 36. f4 Rd7 37. Qg5 Rxd4 38. Bxd4 Qc2 0-1